 Dungeon Crawl Stone Soup version 0.26.0-10-g1f06aea511 (webtiles) character file.

Game seed: 8642667780809270479

863 inc the Conjurer (level 7, 0/21 (24) HPs)
             Began as a Felid Venom Mage on Feb 2, 2021.
             Was a Plaything of Xom.
             Slain by a wyvern (12 damage)
             ... on level 8 of the Dungeon.
             The game lasted 00:22:40 (10881 turns).

inc the Conjurer (Felid Venom Mage)                Turns: 10881, Time: 00:22:41

HP:   0/21 (24)     AC:  2    Str:  4    XL:     7   Next: 72%
MP:   6/10          EV: 18    Int: 18    God:    Xom [*.....]
Gold: 341           SH:  0    Dex: 19    Spells: 1/10 levels left
                                        Lives: 0   Deaths: 2

rFire    . . .     SeeInvis +   (weapon unavailable)
rCold    . . .     Faith    .   (shield unavailable)
rNeg     . . .     Spirit   .   (armour unavailable)
rPois    .         Reflect  .   (helmet unavailable)
rElec    .         Harm     .   (cloak unavailable)
rCorr    +         Rampage  .   (gloves unavailable)
Will     +....                  (boots unavailable)
Stlth    +++.......             (no amulet)
HPRegen  0.07/turn              (no ring)
MPRegen  0.12/turn              q - ring of resist corrosion

@: cleaving, heavily drained, quick
A: very small, no armour, no weapons or thrown items, stealth, claws 1, fangs 3,
horns 1, see invisible, agile 1, speed 1, frail 1, low mp 1, screaming 1, shaggy
fur 2, sharp paws
a: Renounce Religion


You were on level 8 of the Dungeon.
You worshipped Xom.
You were a special plaything of Xom.
You visited 1 branch of the dungeon, and saw 8 of its levels.

You collected 341 gold pieces.

Inventory:

Jewellery
 e - an uncursed amulet of reflection {unknown}
 f - an uncursed ring of fire
 h - an uncursed ring of fire
 q - a ring of resist corrosion (right paw)
Wands
 r - a wand of random effects (51)
Scrolls
 a - 2 scrolls of fog
 b - 3 scrolls of identify
 d - 2 scrolls of remove curse
 i - a scroll of blinking
 k - a scroll of enchant armour {unknown}
 l - a scroll of enchant weapon
 m - a scroll of fear {unknown}
 n - a scroll of amnesia {unknown}
 s - a scroll of holy word {unknown}
 t - a scroll of random uselessness {unknown}
Potions
 c - 5 potions of flight {unknown}
 j - 2 potions of brilliance
 p - a potion of degeneration {unknown}


   Skills:
 - Level 2.6 Dodging
 - Level 2.6 Stealth
 - Level 2.0 Spellcasting
 - Level 6.1 Conjurations
 + Level 2.1 Transmutations
 + Level 4.1 Fire Magic
 - Level 4.4 Air Magic
 + Level 5.6 Poison Magic


You had one spell level left.
You knew the following spells:

 Your Spells              Type           Power        Failure   Level
a - Sting                 Tmut/Pois      60%          3%          1
b - Poisonous Vapours     Pois/Air       38%          3%          2
c - Mephitic Cloud        Conj/Pois/Air  21%          6%          3
d - Ignite Poison         Fire/Tmut/Pois 16%          11%         3

Your spell library contained the following spells:

 Spells                   Type           Power        Failure   Level
 Magic Dart               Conj           96%          1%          1
 Freeze                   Ice            4%           19%         1
 Searing Ray              Conj           48%          2%          2
 Dazzling Flash           Conj/Hex       24%          16%         3
 Olgreb's Toxic Radiance  Pois           22%          19%         4
 Fulminant Prism          Conj/Hex       6%           45%         4
 Hailstorm                Conj/Ice       12%          45%         4
 Iskenderun's Mystic Bla  Conj/Tloc      12%          45%         4
 Summon Lightning Spire   Summ/Air       9%           58%         4
 Summon Forest            Summ/Tloc      0%           99%         5
 Simulacrum               Ice/Necr       0%           100%        6
 Spellforged Servitor     Conj/Summ      6%           100%        7


Dungeon Overview and Level Annotations

Branches:
Dungeon (8/15)             Temple (0/1) D:6
   Lair: D:8-11

Altars:
Ashenzari
Dithmenos
Fedhas
Hepliaklqana
Ru
Uskayaw
Wu Jian
Xom
The Shining One

Annotations:
D:5 2 transporters, Goblin1989's ghost, weakling DsDe
D:6 Maggie
D:7 3 runed translucent doors, Borgon's ghost, novice MiBe


Innate Abilities, Weirdness & Mutations

You cannot wear armour.
You are incapable of wielding weapons or throwing items.
Your paws allow you to move quietly. (Stealth)
You have sharp claws.
You have razor-sharp teeth.
You have supernaturally acute eyesight. (SInv)
You cover ground quickly.
You are covered in thick fur. (AC +2)
Your sharp claws are effective at attacking unaware monsters.
You have a pair of small horns on your head.
You are agile. (Dex +2)
You are frail. (-10% HP)
Your magical capacity is low. (-10% MP)
You occasionally shout uncontrollably at your foes.


Message History

Press: ? - help, Dir - move target, f/p - wyvern
Aim: a wyvern (moderately wounded, poisoned) Poisonous vapours surround the wyvern!
The wyvern is engulfed in poison gas.
The wyvern looks even sicker.
The wyvern closely misses you.
Unknown command.
Casting: Poisonous Vapours (safe; 3% risk of failure)
Confirm with . or Enter, or press ? or * to list all spells.
Aiming: Sting (safe; 3% risk of failure)
Press: ? - help, Shift-Dir - straight line, f/p - wyvern
Aim: a wyvern (heavily wounded, very poisoned, 26% to evade)
The sting hits the wyvern.
The wyvern looks even sicker.
The wyvern is heavily wounded.
The wyvern barely misses you. The killer bee zombie hits you.
* * * LOW HITPOINT WARNING * * *
The wyvern bites you.
* * * LOW HITPOINT WARNING * * *
You feel better. The wyvern bites you!
Ouch! That really hurt!
You die...
Xom chuckles heartily!

### #..# #... #...#
#... #...### #.. ..
#....# #.. .#.##...
#$.@.# #.. #.......
####l###.###_..#.#..
#Z..#.....#......
#...#....##......
##.O#....O....?..
#.............?.
#.>......>...<..
##.....>........
###............


You could see a wyvern (very poisoned), an ogre and a killer bee zombie.

Vanquished Creatures
  Edmund (D:5)
  2 ice beasts
  A sky beast (D:5)
  3 ogres
  A gnoll sergeant (D:7)
  2 scorpions
  3 hounds
  An orc priest (D:6)
  6 orc wizards
  2 bullfrog skeletons (D:5)
  An iguana (D:4)
  2 worker ants
  Robin (D:3)
  6 gnolls (D:7)
  4 adders
  2 white imps
  An ufetubus (D:5)
  3 worms (D:3)
  2 dart slugs
  9 leopard geckos
  12 orcs
  2 ball pythons
  4 giant cockroaches
  9 hobgoblins
  7 jackals
  5 quokkas
  A ball python skeleton (D:5)
  5 bats
  6 frilled lizards
  12 goblins
  10 kobolds
  A quokka zombie (D:5)
  7 rats
134 creatures vanquished.

Vanquished Creatures (collateral kills)
  A water moccasin (D:5)
  2 orc warriors (D:6)
  A black bear (D:6)
  An orc priest (D:6)
  2 orc wizards (D:6)
  A howler monkey skeleton (D:6)
  2 white imps (D:6)
  3 orcs (D:6)
  A leopard gecko zombie (D:6)
14 creatures vanquished.

Vanquished Creatures (others)
  A hound (D:7)
1 creature vanquished.

Grand Total: 149 creatures vanquished

Notes
Turn   | Place    | Note
-------+----------+-------------------------------------------
     0 | D:1      | inc the Felid Venom Mage began the quest for the Orb.
     0 | D:1      | Reached XP level 1. HP: 7/7 MP: 4/4
   337 | D:1      | Reached XP level 2. HP: 9/11 MP: 4/6
   729 | D:1      | Learned a level 2 spell: Poisonous Vapours
  1320 | D:2      | Reached XP level 3. HP: 14/14 MP: 4/7
  1386 | D:2      | Found a broken altar of Ashenzari.
  1547 | D:2      | Found a shadowy altar of Dithmenos.
  1912 | D:2      | Reached skill level 1 in Air Magic
  2588 | D:2      | Found an ornate altar of the Wu Jian Council.
  2774 | D:3      | Reached XP level 4. HP: 18/18 MP: 3/8
  3500 | D:3      | Noticed Robin
  3532 | D:3      | Killed Robin
  4376 | D:4      | Noticed an ogre
  4387 | D:4      | Killed an ogre
  4388 | D:4      | Reached XP level 5. HP: 21/21 MP: 3/9
  4519 | D:4      | Found a sacrificial altar of Ru.
  4554 | D:4      | Gained mutation: You are covered in thick fur. (AC +2)
                  | [Felid growth]
  4554 | D:4      | Reached XP level 6. HP: 19/24 MP: 4/10
  4947 | D:4      | Reached skill level 5 in Poison Magic
  5087 | D:4      | Found a shimmering altar of Xom.
  5098 | D:4      | Became a worshipper of Xom of Chaos
  5098 | D:4      | XOM: silly message
  5230 | D:4      | XOM: summons friendly white imp
  5247 | D:4      | XOM: torment (9/24 hp)
  5478 | D:5      | Entered Level 5 of the Dungeon
  5529 | D:5      | Found a transporter.
  5529 | D:5      | Noticed Goblin1989's ghost (weakling DsDe)
  5591 | D:5      | XOM: give mutation
  5591 | D:5      | Gained mutation: Your magical capacity is low. (-10% MP)
                  | [Xom's mischief]
  5597 | D:5      | Noticed a sky beast
  5620 | D:5      | Killed a sky beast
  5621 | D:5      | Reached XP level 7. HP: 27/27 MP: 1/10
  5674 | D:5      | Learned a level 3 spell: Mephitic Cloud
  5770 | D:5      | Found a transporter.
  5784 | D:5      | XOM: enchant monster (bad)
  5787 | D:5      | XOM: swap monsters
  5789 | D:5      | XOM: summons 4 hostile demons
  5790 | D:5      | Noticed a soul eater
  5795 | D:5      | Killed from afar by a soul eater
  5796 | D:5      | Reached XP level 6. HP: -1/23 MP: 9/9
  5798 | D:5      | Found a blossoming altar of Fedhas.
  5856 | D:5      | XOM: divination: detect creatures
  5857 | D:5      | XOM: potion effect (haste)
  5883 | D:5      | Killed an ice beast
  5884 | D:5      | Reached skill level 1 in Conjurations
  5922 | D:5      | XOM: give mutation
  5993 | D:5      | Found a broken altar of Ashenzari.
  6146 | D:5      | Noticed Edmund
  6388 | D:5      | Killed Edmund
  6389 | D:5      | Reached skill level 3 in Conjurations
  6822 | D:5      | Reached XP level 7. HP: 16/27 MP: 10/10
  6953 | D:4      | Found a glowing golden altar of the Shining One.
  7038 | D:4      | XOM: silly message
  7373 | D:5      | XOM: confuse monster(s)
  7444 | D:5      | XOM: noise
  7481 | D:6      | Noticed Maggie
  7494 | D:5      | XOM: god gift: scroll labelled JER SAHYQUTAA {god gift}
  7849 | D:6      | Found a hide-covered altar of Uskayaw.
  7855 | D:5      | XOM: silly message
  7857 | D:5      | XOM: polymorph ice beast -> ball python
  7858 | D:5      | XOM: noise
  7984 | D:5      | Reached skill level 4 in Conjurations
  8378 | D:6      | XOM: enchant monster (bad)
  8404 | D:5      | XOM: confuse monster(s)
  8456 | D:6      | Found a staircase to the Ecumenical Temple.
  8629 | D:5      | XOM: give mutations
  8629 | D:5      | Gained mutation: You have a pair of small horns on your
                  | head. [Xom's mischief]
  8629 | D:5      | Gained mutation: You are frail. (-10% HP) [Xom's mischief]
  8666 | D:6      | Reached skill level 5 in Conjurations
  8674 | D:5      | XOM: divination: magic mapping
  8678 | D:5      | XOM: divination: detect creatures
  8783 | D:6      | XOM: smoke on damage
  8804 | D:6      | Reached XP level 8. HP: 23/27 MP: 0/10
  8828 | D:6      | XOM: 3-stop teleportation journey
  8839 | D:6      | Reached skill level 6 in Conjurations
  9027 | D:6      | Identified Xom's Compendium of a Million Nights (Xom gifted
                  | it to you on level 6 of the Dungeon)
  9027 | D:6      | XOM: god gift: Xom's Compendium of a Million Nights
  9035 | D:6      | Learned a level 3 spell: Ignite Poison
  9107 | D:6      | Reached skill level 1 in Fire Magic
  9223 | D:6      | XOM: draining
  9854 | D:7      | XOM: scenery: summon butterflies
  9857 | D:7      | XOM: enchant monster (good)
  9869 | D:7      | XOM: 4-stop teleportation journey
  9910 | D:7      | XOM: fog
  9989 | D:7      | Slain by a centaur zombie
  9990 | D:7      | Reached XP level 7. HP: 0/24 MP: 6/10
  9990 | D:7      | Found a hazy altar of Hepliaklqana.
 10074 | D:7      | Found a runed translucent gate.
 10074 | D:7      | Found a runed translucent gate.
 10075 | D:7      | XOM: divination: detect creatures
 10075 | D:7      | Noticed Borgon's ghost (novice MiBe)
 10076 | D:7      | Found a runed translucent gate.
 10217 | D:7      | XOM: draining
 10293 | D:7      | XOM: destruction
 10469 | D:7      | XOM: 1-stop teleportation journey
 10578 | D:7      | XOM: butterfly on damage
 10586 | D:7      | XOM: butterfly on damage
 10656 | D:7      | XOM: give mutations
 10656 | D:7      | Gained mutation: You are agile. (Dex +2) [Xom's mischief]
 10656 | D:7      | Gained mutation: You occasionally shout uncontrollably at
                  | your foes. [Xom's mischief]
 10861 | D:8      | Noticed a wyvern
 10868 | D:8      | XOM: cleaving
 10871 | D:8      | XOM: scenery: create altars
 10881 | D:8      | Slain by a wyvern

Illustrated notes

Levels and vault maps discovered:
D:1:      grunt_arrival_crossed_arrows, layout_loops_corners
D:2:      layout_basic, ashenzari_conservatory_becter,
          lemuel_coloured_pillars_altar, grunt_dithmenos_smoke_and_mirrors,
          serial_rivers, chequers_serial_rivers_micro_e,
          chequers_serial_rivers_large_b, chequers_serial_rivers_room_b,
          chequers_serial_rivers_large_a, chequers_serial_rivers_micro_e,
          chequers_serial_rivers_micro_e
D:3:      layout_loops_ring, minmay_statues_item, minmay_misc_feat_hallway,
          uniq_robin
D:4:      layout_layer_cave, nicolae_ru_the_path_less_chosen,
          nicolae_overflow_crystal_walls, xom_teletrap_fun
D:5:      layout_basic, lemuel_doored_altar, gammafunk_ghost_mausoleum,
          nicolae_ashenzari_panopticon, uniq_edmund
D:6:      layout_cave_pools, general_overflow_altar, temple_green, uniq_maggie
D:7:      layout_layer_cave, kennysheep_mini, kennysheep_little_box,
          gammafunk_ghost_split
D:8:      layout_rooms, trog_ov_bears_minmay, nicolae_qazlal_style_of_elements,
          uniq_harold

Skill      XL: |  1  2  3  4  5  6  7  8 |
---------------+-------------------------+-----
Poison Magic   | 3 4 5 |  5.6
Transmutations | 2 |  2.1
Air Magic      | 1 3 4 |  4.4
Conjurations   | 3 5 6 |  6.1
Fire Magic     | 4 2 |  4.1
Dodging        | |  2.6
Stealth        | |  2.6
Spellcasting   | |  2.0

Action                   |  1- 3 |  4- 6 |  7- 9 || total
-------------------------+-------+-------+-------++-------
Melee: Unarmed           |     7 |    47 |    42 ||    96
       Bite              |       |     3 |     6 ||     9
       Headbutt          |       |       |     2 ||     2
 Cast: Sting             |    19 |    52 |    64 ||   135
       Poisonous Vapours |    28 |    68 |    63 ||   159
       Mephitic Cloud    |       |       |     1 ||     1
Evoke: Wand              |       |     4 |       ||     4
  Use: Scroll            |       |       |     9 ||     9
       Potion            |       |       |     6 ||     6
 Stab: Sleeping          |       |     1 |     3 ||     4
       Paralysed         |       |     1 |       ||     1
       Confused          |       |       |     1 ||     1
Armor: Skin              |     1 |     4 |    11 ||    16
Dodge: Dodged            |    18 |    65 |   118 ||   201
